 Dungeon Crawl Stone Soup version 0.29-a0-555-g3b24f45cc1 (webtiles) character file.

Game seed: 15827777709628167375

41 mandarbmax the Skirmisher (level 4, -2/40 HPs)
             Began as a Meteoran Delver on June 8, 2022.
             Slain by an iguana (5 damage)
             ... on level 5 of the Dungeon.
             The game lasted 00:02:13 (117 turns).

mandarbmax the Skirmisher (Meteoran Delver)          Turns: 117, Time: 00:02:14

Health: -2/40      AC:  3    Str: 15    XL:     4   Next: 1%
Magic:  5/5        EV: 12    Int: 12    God:
Gold:   6          SH:  0    Dex: 15    Spells: 3/3 levels left

rFire   . . .      SeeInvis .   a - +0 mace
rCold   . . .      Faith    .   (no shield)
rNeg    . . .      Spirit   .   b - +0 leather armour
rPois   .          Reflect  .   (no helmet)
rElec   .          Harm     .   (no cloak)
rCorr   .          Rampage  .   (no gloves)
Will    .....                   (no boots)
Stlth   +.........              (no amulet)
HPRegen 0.13/turn               (no ring)
MPRegen 0.09/turn               (no ring)

@: flying, glowing
A: sense surroundings 1, otherworldly, glowing, explore regen
a: no special abilities


You were on level 5 of the Dungeon.
You visited 1 branch of the dungeon, and saw 1 of its levels.

You collected 6 gold pieces.

Inventory:

Hand Weapons
 a - a +0 mace (weapon)
Armour
 b - a +0 leather armour (worn)
Wands
 g - a wand of digging (3)
Scrolls
 c - a scroll of fog
 d - a scroll of magic mapping
 e - a scroll of fear
 j - a scroll of identify {unknown}


   Skills:
 - Level 4.0 Fighting
 + Level 3.9 Maces & Flails
 - Level 3.0 Dodging
 - Level 3.7 Stealth


You had 3 spell levels left.
You didn't know any spells.
Your spell library was empty.

Dungeon Overview and Level Annotations

Branches:
Dungeon (5/15)
 Temple: D:4-7

Altars:


Innate Abilities, Weirdness & Mutations

You passively map a small area around you.
You are easily found by Zot.
You glow in the dark.
You regain HP and MP as you explore.


Message History

The goblin is heavily wounded.
The goblin barely misses you.
You hit the goblin.
You kill the goblin!
You have reached level 4!
You closely miss the kobold. You barely miss the kobold.
The kobold hits you but does no damage.
You barely miss the kobold. The kobold hits you but does no damage.
You hit the kobold.
You kill the kobold!
There is an open door here.
Things that are here:
a +0 club; a +0 club An iguana comes into view.
Found a white potion.
The iguana hisses angrily.
You barely miss the iguana. The iguana misses you.
You barely miss the iguana. You hit the iguana but do no damage.
The iguana bites you!
* * * LOW HITPOINT WARNING * * *
You barely miss the iguana.
The iguana bites you but does no damage.
You hit the iguana. You punch the iguana.
The iguana is moderately wounded.
The iguana bites you!
* * * LOW HITPOINT WARNING * * *
You barely miss the iguana.
The iguana is moderately wounded.
The iguana closely misses you.
It was a potion of cancellation.
Your magical effects are unravelling.
You feel magically purged.
You feel yourself slow down.
It was a potion of flight.
You feel very buoyant.
You fly up into the air.
The iguana closely misses you.
You hit the iguana.
The iguana is heavily wounded.
The iguana misses you. The iguana bites you.
You die...

≈ * , #. * * #.##
**#.≈≈≈≈≈.≈≈≈≈ #...
,...≈.≈≈....,. * ,
≈* #.!. ...≈≈≈≈≈≈≈≈
≈ * #..# ##.≈≈♣
♣≈.≈♣ ♣
*#..###...≈♣ ♣≈.≈♣
♣ 8
#.l##....≈♣♣♣≈.≈♣♣♣
#.@#.....≈≈≈≈≈≈≈≈≈≈
#.......≈...≈≈.†≈.≈
,,
####.......###...##
,8 ##...........##
* * * *
##...######)## ,
##.## #..# , ###
#..# ######## *,,*
#.......


You could see an iguana.

Vanquished Creatures
  A hound (D:5)
  An adder (D:5)
  A goblin (D:5)
  A kobold (D:5)
4 creatures vanquished.

Notes
Turn   | Place    | Note
-------+----------+-------------------------------------------
     0 | D:5      | mandarbmax the Meteoran Delver began the quest for the Orb.
     0 | D:5      | Reached XP level 1. HP: 19/19 MP: 2/2
    58 | D:5      | Noticed a hound
    74 | D:5      | Killed a hound
    75 | D:5      | Reached skill level 4 in Fighting
    75 | D:5      | Reached XP level 2. HP: 10/27 MP: 3/3
    75 | D:5      | Reached XP level 3. HP: 13/33 MP: 4/4
    91 | D:5      | Reached XP level 4. HP: 5/40 MP: 5/5
   113 | D:5      | HP: 2/40 [iguana (7)]
   117 | D:5      | Slain by an iguana

Illustrated notes

Levels and vault maps discovered:
D:5:      layout_loops_ring, minmay_temple_entry_fiery, corexii_checkpoint_a,
          kennysheep_boxes

Skill      XL: |  1 |
---------------+----+-----
Fighting       | 4 |  4.0
Maces & Flails | 3 |  3.9
Dodging        | 3 |  3.0
Stealth        | |  3.7

Action                   |  1- 3 |  4- 6 || total
-------------------------+-------+-------++-------
Melee: Mace              |    25 |    11 ||    36
       Punch             |       |     1 ||     1
  Use: Potion            |     1 |     2 ||     3
Armor: Leather armour    |     9 |     3 ||    12
Dodge: Dodged            |    19 |     4 ||    23

Table legend: (Time is in decaauts)
 A = Elapsed time spent in this place.
 B = Non-inter-level travel time spent in this place.
 C = Inter-level travel time spent in this place.
 D = Time resting spent in this place.
 E = Time spent auto-exploring this place.
 F = Levels seen in this place.
 G = Mean time per level.
                   A        B        C        D        E       F      G
               +--------+--------+--------+--------+--------+-----+--------+
         Total |    110 |    110 |      0 |      0 |      0 |   1 |  110.0 |
       Dungeon |    110 |    110 |      0 |      0 |      0 |   1 |  110.0 |
               +--------+--------+--------+--------+--------+-----+--------+

Top non-repeatable levels by time:
     D:5: 110 daAuts
